 Dungeon Crawl Stone Soup version 0.28.0-43-g3370ac3207 (webtiles) character file.

Game seed: 5902497978123710637

3 nickcage the Firebug (level 1, -1/14 HPs)
             Began as a Draconian Fire Elementalist on Mar 18, 2022.
             Frozen to death by an endoplasm (4 damage)
             ... on level 1 of the Dungeon.
             The game lasted 00:01:05 (178 turns).

nickcage the Firebug (Draconian Fire Elementalist)   Turns: 178, Time: 00:01:06

Health: -1/14      AC:  4    Str: 10    XL:     1   Next: 41%
Magic:  1/3        EV: 12    Int: 15    God:
Gold:   13         SH:  0    Dex: 11    Spells: 3/4 levels left

rFire   . . .      SeeInvis .   c - +0 whip
rCold   . . .      Faith    .   (no shield)
rNeg    . . .      Spirit   .   (armour unavailable)
rPois   .          Reflect  .   (helmet restricted)
rElec   .          Harm     .   (no cloak)
rCorr   .          Rampage  .   (no gloves)
Will    .....                   (no boots)
Stlth   ++........              (no amulet)
HPRegen 0.04/turn               (no ring)
MPRegen 0.08/turn               (no ring)

@: no status effects
A: AC +4, unfitting armour, cold-blooded
a: no special abilities


You were on level 1 of the Dungeon.
You visited 1 branch of the dungeon, and saw 1 of its levels.

You collected 13 gold pieces.

Inventory:

Hand Weapons
 c - a +0 whip (weapon)
Magical Staves
 a - a staff of air
Scrolls
 b - a scroll of brand weapon {unknown}
 d - a scroll of immolation {unknown}


   Skills:
 - Level 1.7 Dodging
 - Level 1.7 Stealth
 - Level 2.0 Spellcasting
 - Level 1.0 Conjurations
 + Level 3.2 Fire Magic


You had 3 spell levels left.
You knew the following spells:

 Your Spells              Type           Power      Damage    Failure   Level
a - Foxfire               Conj/Fire      28%        2x1d5     10%         1

Your spell library contained the following spells:

 Spells                   Type           Power      Damage    Failure   Level
 Scorch                   Fire           22%        2d6       9%          2
 Conjure Flame            Conj/Fire      7%         6-21      28%         3
 Inner Flame              Hex/Fire       6%         N/A       34%         3
 Flame Wave               Conj/Fire      7%         2d5       67%         4


Dungeon Overview and Level Annotations

Branches:
Dungeon (1/15)

Altars:


Innate Abilities, Weirdness & Mutations

Your plain brown scales are hard. (AC +4)
You cannot fit into any form of body armour.
You are cold-blooded and may be slowed by cold attacks.


Message History

The endoplasm quivers.
You conjure some foxfire!
The hobgoblin shouts!
You hit the endoplasm but do no damage.
The foxfire hits the hobgoblin.
The hobgoblin is heavily wounded.
The foxfire hits the endoplasm.
The endoplasm is moderately wounded.
The hobgoblin hits you but does no damage.
The endoplasm freezes you.
You are frozen.
You feel yourself slow down.
You conjure some foxfire!
The endoplasm hits you but does no damage.
The hobgoblin misses you. The hobgoblin barely misses you.
The endoplasm freezes you.
You are frozen.
You feel as though you will be slow longer.
The hobgoblin barely misses you.
You are too injured to fight recklessly!
You hit the hobgoblin.
You kill the hobgoblin!
The foxfire hits the endoplasm.
The endoplasm is almost dead.
The foxfire hits the endoplasm.
You kill the endoplasm!
The hobgoblin closely misses you. The endoplasm closely misses you.
The endoplasm barely misses you.
The hobgoblin hits you but does no damage.
The endoplasm freezes you.
You are frozen.
* * * LOW HITPOINT WARNING * * *
You feel yourself speed up.
You see here a rat corpse.
The endoplasm hits you but does no damage.
You are too injured to fight recklessly!
Casting: Foxfire (safe; 10% risk of failure)
Press: ? - help, Q - select action Dir - look around, f - activate You conjure some foxfire!
The endoplasm freezes you.
You are frozen.
You die...

########
.......###########
#..........g†..#
.....#†#########.#
........ #.# ###..#..#
#g# #..#..########J#
##..#.........v@#
......###.#####v#
###..#####.#####.#####..
..............##........
.....#..................
#...#........#.#####..
#..............#
#.#.#........#.#
#.##..........#..


You could see an endoplasm (ally target) and a hobgoblin.

Vanquished Creatures
  An endoplasm (D:1)
  A hobgoblin (D:1)
  A rat (D:1)
3 creatures vanquished.

Vanquished Creatures (others)
  4 foxfires (D:1)
4 creatures vanquished.

Grand Total: 7 creatures vanquished

Notes
Turn   | Place    | Note
-------+----------+-------------------------------------------
     0 | D:1      | nickcage the Draconian Fire Elementalist began the quest
                  | for the Orb.
     0 | D:1      | Reached XP level 1. HP: 14/14 MP: 3/3
   178 | D:1      | Frozen to death by an endoplasm

Illustrated notes

Levels and vault maps discovered:
D:1:      co_arrival_square_in_a_square_in_a_square, layout_loops_ring,
          nicolae_grassy_gnolls

Action                   || total
-------------------------++-------
Melee: Whip              ||     7
 Cast: Foxfire           ||     3
 Stab: Sleeping          ||     1
Armor: Skin              ||     4
Dodge: Dodged            ||     9
